 Dungeon Crawl Stone Soup version 0.30.0-17-ge0270778cf (webtiles) character file.

Game seed: 11901269395687141308

213095 IndexError the Spry (level 19, -8/139 HPs)
             Began as a Djinni Earth Elementalist on May 22, 2023.
             Was the Champion of Makhleb.
             Mangled by a salamander mystic
             ... wielding a +0 quarterstaff
              (9 damage)
             ... on level 3 of the Snake Pit.
             The game lasted 01:14:04 (29200 turns).

IndexError the Spry (Djinni Earth Elementalist)    Turns: 29200, Time: 01:14:05

Health: -8/139     AC: 14    Str: 10    XL:     19   Next: 67%
Gold:   3283       EV: 23    Int: 24    God:    Makhleb [******] SH: 11 Dex: 19

rFire   + + +        b - staff of air "Voqas" {rElec rPois Str+3 Dex+4 SInv, rElec}
rCold   x x x        f - +3 warlock's mirror {omnireflect}
rNeg    . . .        J - +3 salamander hide armour {Flames, rFlCloud rF++ rC--}
rPois   ∞            u - +2 helmet
rElec   +            l - +2 cloak
rCorr   .            K - +1 pair of gloves of Hubris {Rampage Regen+}
SInv    +            (boots unavailable)
Will    +++..        r - amulet of the acrobat
Stlth   ++           V - ring of willpower
HPRegen 1.23/turn    T - ring of willpower
MPRegen 0.00/turn

%: reflection, acrobat, rampage, infuse magic (-9 HP)
@: weakened, flying, studying 2 skills
A: sickness immunity, fire resistance 2, cold vulnerability 1, float, innate
caster, HP casting, extra vitality 1
}: 1/15 runes: decaying
a: Renounce Religion, Minor Destruction, Lesser Servant of Makhleb, Major
Destruction, Greater Servant of Makhleb


You were on level 3 of the Snake Pit.
You worshipped Makhleb.
Makhleb was exalted by your worship.
You visited 6 branches of the dungeon, and saw 31 of its levels.
You also visited: Bailey and Ice Cave.

You collected 3283 gold pieces.

Inventory:

Hand Weapons
 a - the +5 falchion of Setuneykk {flame, *Corrode rPois rC+++ MP-9}
   (You found it on level 1 of the Lair of Beasts)

   rC:        It renders you almost immune to cold.
   rPois:     It protects you from poison.
   MP:        It affects your magic capacity (-9).
   *Corrode:  It may corrode you when you take damage.
Missiles
 g - 31 boomerangs
 w - 5 javelins
 D - 3 throwing nets {=f, !d}
 R - 5 curare-tipped darts
Armour
 f - the +3 warlock's mirror (worn) {omnireflect}
   (You acquired it on level 11 of the Dungeon)

   Omnireflect: It can block and reflect piercing ranged attacks and magical
   attacks against the wielder's willpower.
 l - a +2 cloak (worn)
   (You took it off Crazy Yiuf on level 7 of the Dungeon)
 u - a +2 helmet (worn)
   (You found it on level 7 of the Dungeon)
 J - the +3 salamander hide armour (worn) {Flames, rFlCloud rF++ rC--}
   (You found it on level 8 of the Dungeon)

   Flames:    It surrounds you with flame clouds and enhances your fire magic.
   rFlCloud:  It grants immunity to flame clouds.
   rF:        It greatly protects you from fire.
   rC:        It makes you very vulnerable to cold.
 K - the +1 pair of gloves of Hubris (worn) {Rampage Regen+}
   (You found it on level 9 of the Dungeon)

   Regen:     It increases your rate of health regeneration.
   Rampage:   It bestows one free step when moving towards enemies.
Magical Staves
 b - the staff of air "Voqas" (weapon) {rElec rPois Str+3 Dex+4 SInv, rElec}
   (You found it in an ice cave)

   [staff of air]

   Your inability to study Air Magic prevents you from drawing on the full power
   of this staff in melee.
   Base accuracy: +5 Base damage: 5 Base attack delay: 1.2 This weapon's minimum
   attack delay (0.6) is reached at skill level 12.
   Str:       It affects your strength (+3).
   Dex:       It affects your dexterity (+4).
   rElec:     It insulates you from electricity.
   rPois:     It protects you from poison.
   SInv:      It lets you see invisible.
   It falls into the 'Staves' category.
   It is a one-handed weapon.
Jewellery
 r - an amulet of the acrobat (around neck)
   (You found it on level 2 of the Lair of Beasts)
 B - a ring of protection from cold {rC+, !d}
   (You found it on level 2 of the Swamp)
 F - a +4 ring of protection
   (You took it off an orc on level 7 of the Dungeon)
 N - a ring of ice {rC+, rF-}
   (You found it on level 10 of the Dungeon)
 P - a +5 ring of evasion
   (You found it on level 11 of the Dungeon)
 T - a ring of willpower (right hand)
   (You found it on level 12 of the Dungeon)
 V - a ring of willpower (left hand)
   (You found it on level 13 of the Dungeon)
Wands
 d - a wand of polymorph (9)
   (You found it on level 1 of the Lair of Beasts)
 s - a wand of flame (61)
   (You found it on level 4 of the Dungeon)
 y - a wand of digging (3)
   (You found it on level 14 of the Dungeon)
 A - a wand of roots (30)
   (You found it on level 5 of the Dungeon)
 E - a wand of charming (63)
   (You took it off an orc on level 7 of the Dungeon)
 I - a wand of mindburst (2)
   (You took it off Erolcha on level 12 of the Dungeon)
 Q - a wand of light (8)
   (You found it on level 4 of the Lair of Beasts)
Scrolls
 e - 5 scrolls of magic mapping {!r}
 i - 2 scrolls of fog
 k - 4 scrolls of poison
 q - 19 scrolls of teleportation
 t - 2 scrolls of summoning
 x - 4 scrolls of fear
 G - 4 scrolls of enchant weapon
 H - 3 scrolls of enchant armour
 U - 2 scrolls of brand weapon
 Y - a scroll of blinking {!r}
 Z - 2 scrolls of identify
Potions
 c - 3 potions of cancellation
 h - 5 potions of brilliance
 j - 4 potions of lignification {!q}
 m - 5 potions of mutation {!q}
 o - 15 potions of curing
 p - 8 potions of attraction {!q}
 z - 2 potions of resistance
 L - 8 potions of haste
 M - 10 potions of might
 O - 8 potions of heal wounds
 S - a potion of invisibility
 X - 2 potions of berserk rage {!q}
Miscellaneous
 n - a lightning rod (4/4)
   (You found it on level 1 of the Lair of Beasts)
 v - a phantom mirror
   (You found it on level 3 of the Lair of Beasts)
 C - a box of beasts
   (You found it on level 2 of the Snake Pit)
 W - a piece from Xom's chessboard (15/15)
   (You found it on level 2 of the Snake Pit)


   Skills:
 + Level 13.7 Fighting
 + Level 12.0 Long Blades
 - Level 18.1 Dodging
 - Level 1.5 Stealth
 - Level 12.1 Shields
 * Level 13.8 Spellcasting
 - Level 10.0 Invocations
 - Level 10.1 Evocations


You knew the following spells:

 Your Spells              Type           Power      Damage    Failure   Level
a - Sandblast             Erth           100%       2d20      1%          1
b - Magic Dart            Conj           100%       1d8       1%          1
c - Petrify               Tmut/Erth      70%        N/A       1%          4
d - Lesser Beckoning      Tloc           100%       N/A       1%          2
e - Ignite Poison         Fire/Tmut/Pois 90%        N/A       1%          3
f - Airstrike             Air            45%        2d(7-23)  1%          4
g - Dispel Undead         Necr           70%        3d24      1%          4
h - Iron Shot             Conj/Erth      35%        9d7       3%          6
i - Dispersal             Tloc           35%        N/A       3%          6
j - Conjure Ball Lightni  Conj/Air       45%        3x3d16    3%          6
w - Passwall              Tmut/Erth      58%        N/A       1%          2
x - Stone Arrow           Conj/Erth      100%       3d13      1%          3
z - Iskenderun's Battles  Conj           70%        2d12      1%          5
Your spell library was empty.

Dungeon Overview and Level Annotations

Branches:
Dungeon (15/15)            Temple (1/1) D:5            Lair (5/5) D:9
  Swamp (4/4) Lair:3        Snake (4/4) Lair:2        Slime (0/5) Lair:4
    Orc (2/2) D:10            Elf (0/3) Orc:2        Vaults (0/5) D:14
 Depths (0/4) D:15         Bailey (visited)           IceCv (visited)

Altars:
Ashenzari
Cheibriados
Dithmenos
Elyvilon
Fedhas
Gozag
Hepliaklqana
Makhleb
Nemelex Xobeh
Okawaru
Qazlal
Ru
Trog
Uskayaw
Wu Jian
Xom
Yredelemnul
Zin
The Shining One

Shops:
D:6 (   D:11 [   Orc:2 [(*(   Snake:3 ?

Portals:
Trove: D:10 (give +2 shadow dragon scales)

Annotations:
D:11 3 runed translucent doors, Quickbrownfox's ghost, journeyman DsIE
Swamp:2 2 runed translucent doors, Zoigrime's ghost, adept FoFi
Snake:3 Mlioglotl


Innate Abilities, Weirdness & Mutations

You are immune to sickness and miasma.
You are immune to poison.
Your flesh is very heat resistant. (rF++)
You are vulnerable to cold. (rC-)
You float through the air rather than walking.
You learn spells naturally, not from books.
Your magical power is your life essence.
You have superior vitality. (+4 MHP)


Message History

Makhleb accepts your kill.
You feel better.
The guardian serpent is engulfed in blazing flames.
You block the guardian serpent's attack.
The guardian serpent is engulfed in blazing flames.
You block the guardian serpent's attack.
The salamander mystic gestures at the naga warrior while chanting.
The naga warrior seems to speed up.
The naga warrior is engulfed in blazing flames.
The naga warrior hits you with a +0 morningstar!
The naga warrior completely misses you.
The salamander tyrant gazes fiercely through you!
You feel your attacks grow feeble.
The salamander tyrant completely misses you.
The naga warrior is engulfed in blazing flames.
The naga warrior barely misses you. The naga warrior completely misses you.
The naga warrior is engulfed in blazing flames.
The naga warrior hits you with a +0 long sword!!
The naga warrior grabs you. The naga warrior constricts you.
The guardian serpent is engulfed in blazing flames.
You block the guardian serpent's attack.
The guardian serpent is engulfed in blazing flames.
The guardian serpent closely misses you.
The salamander mystic hits you with a +0 quarterstaff!!
* * * LOW HITPOINT WARNING * * *
You are engulfed in flames.
You resist.
* * * LOW HITPOINT WARNING * * *
You take 53 damage, and have 35/139 hp.
MASSIVE DAMAGE!!
You are too injured to fight recklessly!
You are too injured to fight recklessly!
You hit the salamander tyrant.
The naga warrior is engulfed in blazing flames.
The naga warrior barely misses you.
The guardian serpent is engulfed in blazing flames.
You block the guardian serpent's attack.
The salamander tyrant gazes fiercely through you!
You feel as though you will be weak longer.
The salamander tyrant hits you.
* * * LOW HITPOINT WARNING * * *
You are engulfed in flames.
You resist.
* * * LOW HITPOINT WARNING * * *
The guardian serpent is engulfed in blazing flames.
You block the guardian serpent's attack.
The naga warrior is engulfed in blazing flames.
Makhleb accepts your kill.
You feel better.
The naga warrior is engulfed in blazing flames.
Makhleb accepts your kill.
You feel better.
The naga warrior is engulfed in blazing flames.
The naga warrior hits you with a +0 long sword!
* * * LOW HITPOINT WARNING * * *
The naga warrior constricts you.
The salamander mystic completely misses you.
The guardian serpent is engulfed in blazing flames.
Makhleb accepts your kill. The salamander tyrant misses you.
The guardian serpent is engulfed in blazing flames.
Makhleb accepts your kill.
You take 3 damage, and have 32/139 hp.
You hit the salamander tyrant but do no damage.
The salamander tyrant is electrocuted.
The naga warrior is engulfed in blazing flames.
The naga warrior completely misses you. The naga warrior constricts you.
* * * LOW HITPOINT WARNING * * *
You block the salamander mystic's attack.
The salamander tyrant hits you!
* * * LOW HITPOINT WARNING * * *
You are engulfed in flames.
You resist.
* * * LOW HITPOINT WARNING * * *
The naga warrior is engulfed in blazing flames.
You block the naga warrior's attack. The naga warrior constricts you.
* * * LOW HITPOINT WARNING * * *
You take 26 damage, and have 6/139 hp.
You closely miss the naga warrior. The salamander mystic misses you.
The salamander tyrant gazes fiercely through you!
You feel as though you will be weak longer.
The salamander tyrant barely misses you.
The naga warrior is engulfed in blazing flames.
The naga warrior spits poison at you. The splash of poison misses you.
The naga warrior constricts you.
* * * LOW HITPOINT WARNING * * *
You hit the naga warrior. The salamander mystic misses you.
The salamander tyrant gazes fiercely through you!
You feel as though you will be weak longer.
The salamander tyrant hits you but does no damage.
The naga warrior is engulfed in blazing flames.
Makhleb accepts your kill.
You feel better.
The salamander mystic closely misses you.
You regained 8 hp, and now have 15/139 hp.
You hit the salamander tyrant.
The salamander tyrant is electrocuted.
The salamander tyrant gazes fiercely through you!
You feel as though you will be weak longer.
The salamander tyrant hits you!
* * * LOW HITPOINT WARNING * * *
You are engulfed in flames.
You resist.
* * * LOW HITPOINT WARNING * * *
The salamander mystic hits you with a +0 quarterstaff!
You die...

..........##).......+#.#..2......
..........#.........##...........
..........##........'........#...
........)..##########......#.....
..........................N....##
......?.......)................#
..............................##
.............°°N..............#
.............○@☼...............
.............°N○#####..........
..............### ##.........
..............# #.........
..............# #.........
..........# #.)....... .........#
#......... ........# #+#
#......... .....###.###.........


You could see a salamander tyrant (strong) and a salamander mystic (strong).

Vanquished Creatures
  2 thorn hunters (Swamp:3)
  Agnes (Snake:2)
  Kirke (D:12)
  The ghost of Sokuv the Ruinous, an adept DECj of Sif Muna (Snake:2)
  3 nagarajas
  3 fenstrider witches
  An emperor scorpion (D:15)
  A frost giant (IceCv)
  An ironbound preserver (D:14)
  The ghost of Kuerar the Basher, a journeyman BaFi of Cheibriados (Lair:4)
  The ghost of Juirae the Grappler, a journeyman TrMo of Wu Jian (Lair:4)
  The ghost of Nyzic the Grappler, a journeyman TrMo (Lair:4)
  Nessos (Lair:4)
  4 eleionomae
  A dire elephant (D:15)
  5 bunyips
  The ghost of Aricsoirch the Bludgeoner, a journeyman GrFi of Okawaru (Lair:4)
  The ghost of Nubia the Covert, a journeyman GnEn (Lair:4)
  4 fire dragons
  Erolcha (D:12)
  10 centaur warriors
  15 hydras
  A salamander tyrant (Snake:2)
  2 ogre magi
  2 ghost crabs
  4 catoblepae
  A spriggan air mage (Swamp:4)
  2 boulder beetles
  3 anacondas
  The ghost of chipmonk the Fighter, a novice MiFi of Okawaru (Lair:1)
  The ghost of Plazmod the Destroyer, a journeyman DECj of Vehumet (D:12)
  14 naga warriors
  10 death yaks
  4 tengu warriors
  8 alligators
  4 two-headed ogres (D:15)
  Urug (D:12)
  A spriggan berserker (Swamp:4)
  An orc high priest (Bailey)
  10 shock serpents
  12 naga sharpshooters
  A fire crab (Lair:3)
  Sonja (Lair:4)
  2 skysharks
  Nergalle (Lair:2)
  4 goliath frogs
  3 salamander mystics (Snake:2)
  2 spriggan druids (Swamp:3)
  6 naga ritualists
  17 swamp dragons
  5 bog bodies
  3 lindwurms (Swamp:4)
  5 orc knights
  A deep elf zephyrmancer (D:11)
  16 mana vipers
  4 orc sorcerers
  4 deep elf pyromancers
  A wolf spider (D:11)
  12 ugly things
  8 salamanders
  An oklob plant (Lair:3)
  5 will-o-the-wisps
  5 manticores
  6 cyclopes
  41 black mambas
  6 elephants (Lair:4)
  11 naga magi
  5 guardian serpents
  3 gargoyles
  An ice statue (IceCv)
  A torpor snail (Lair:2)
  6 cane toads
  9 rime drakes
  2 kobold demonologists
  Psyche (D:12)
  5 komodo dragons
  3 yaktaurs (D:15)
  12 trolls
  18 polar bears
  10 tyrant leeches
  Grinder (D:4)
  3 bloated husks
  12 hornets
  8 blink frogs
  13 slime creatures
  10 dream sheep
  A centaur simulacrum (D:14)
  3 shadows
  17 spriggans
  33 yaks
  2 wraiths
  6 wyverns
  A yak (shapeshifter) (D:14)
  5 basilisks
  8 steam dragons
  A hog (D:12)
  35 nagas
  A warg (Orc:1)
  4 acid dragons
  23 swamp worms
  6 water moccasins
  7 swamp drakes
  A sky beast (D:8)
  44 orc warriors
  2 black bears (Lair:5)
  2 ice beasts
  28 centaurs
  12 ogres
  50 wolves
  3 boggarts (Lair:5)
  A phantom (D:7)
  4 kobold brigands
  7 bullfrogs
  A gnoll sergeant (D:11)
  A skyshark simulacrum (Lair:1)
  6 scorpions
  8 wights
  2 cane toad simulacra (Lair:1)
  6 killer bees
  A blink frog simulacrum (Lair:1)
  3 howler monkeys (D:8)
  6 electric eels
  3 hounds
  2 jellies
  2 lava snakes
  A gnoll bouda (D:6)
  19 orc priests
  A water moccasin simulacrum (Lair:1)
  Crazy Yiuf (D:7)
  3 sleepcaps (D:6)
  6 iguanas
  22 orc wizards
  A wolf simulacrum (Lair:1)
  10 adders
  15 gnolls
  A shadow imp (D:6)
  A white imp (D:6)
  2 ufetubi
  3 worms
  A dart slug (D:14)
  101 orcs
  7 ball pythons
  2 endoplasms
  A giant cockroach (D:2)
  17 goblins
  12 hobgoblins
  11 jackals
  4 quokkas
  4 bats
  13 frilled lizards
  20 kobolds
  6 rats
  A starspawn tentacle (Snake:3)
1070 creatures vanquished.

Vanquished Creatures (collateral kills)
  A salamander (Snake:3)
  A naga (Snake:3)
2 creatures vanquished.

Vanquished Creatures (others)
  An alligator (Swamp:4)
  2 black mambas (Snake:2)
  A human (D:12)
  A steam dragon (Swamp:4)
  4 swamp drakes (Swamp:4)
  4 ball lightnings (Snake:3)
  25 foxfires
  5 starspawn tentacles (Snake:3)
43 creatures vanquished.

Grand Total: 1115 creatures vanquished

Notes
Turn   | Place    | Note
-------+----------+-------------------------------------------
     0 | D:1      | IndexError the Djinni Earth Elementalist began the quest
                  | for the Orb.
     0 | D:1      | IndexError set off with the following spells memorised:
                  | Sandblast, Passwall, Stone Arrow, Petrify.
     0 | D:1      | Reached XP level 1. HP: 15/15 MP: 0/0
   174 | D:1      | Reached XP level 2. HP: 20/21 MP: 0/0
   260 | D:1      | Reached skill level 3 in Spellcasting
   278 | D:1      | Found a faded altar of an unknown god.
   776 | D:2      | Identified the +5 spear "Macw" {drain, Will- Str+7 Int+2
                  | Stlth+}
   793 | D:2      | Reached XP level 3. HP: 23/25 MP: 0/0
   793 | D:2      | Learned a level 1 spell: Magic Dart
   890 | D:2      | You are sucked into a shaft and drop 2 floors!
   921 | D:4      | Reached XP level 4. HP: 24/31 MP: 0/0
   927 | D:4      | Reached skill level 4 in Spellcasting
  1029 | D:3      | Found a glowing silver altar of Zin.
  1041 | D:3      | Reached XP level 5. HP: 31/35 MP: 0/0
  1041 | D:3      | Learned a level 2 spell: Lesser Beckoning
  1378 | D:2      | Found a shadowy altar of Dithmenos.
  2360 | D:3      | Reached XP level 6. HP: 38/40 MP: 0/0
  2661 | D:4      | Reached skill level 5 in Spellcasting
  2995 | D:4      | Noticed Grinder
  2999 | D:4      | Killed Grinder
  3000 | D:4      | Reached skill level 6 in Spellcasting
  3000 | D:4      | Reached XP level 7. HP: 21/45 MP: 0/0
  3000 | D:4      | Learned a level 3 spell: Ignite Poison
  3469 | D:5      | Entered Level 5 of the Dungeon
  3629 | D:4      | Reached XP level 8. HP: 23/50 MP: 0/0
  3822 | D:5      | Found a stormy altar of Qazlal.
  3823 | D:5      | Found a hazy altar of Hepliaklqana.
  4098 | D:5      | Reached skill level 7 in Spellcasting
  4174 | D:5      | Found a staircase to the Ecumenical Temple.
  4183 | Temple   | Entered the Ecumenical Temple
  4407 | D:6      | Reached skill level 1 in Fighting
  4673 | D:6      | Reached skill level 2 in Fighting
  4702 | D:6      | Found Nuypsoet's Weapon Boutique.
  4799 | D:6      | Found a broken altar of Ashenzari.
  4878 | D:6      | Reached skill level 3 in Fighting
  5060 | D:6      | Reached XP level 9. HP: 58/62 MP: 0/0
  5060 | D:6      | Learned a level 4 spell: Airstrike
  5109 | D:6      | Reached skill level 4 in Fighting
  5138 | D:6      | Reached skill level 8 in Spellcasting
  5477 | D:7      | Reached skill level 5 in Fighting
  5830 | D:7      | Reached skill level 6 in Fighting
  6060 | D:7      | Found a shimmering altar of Xom.
  6078 | D:7      | Found a sparkling altar of Nemelex Xobeh.
  6078 | D:7      | Found a bloodstained altar of Trog.
  6080 | D:7      | Found an ornate altar of the Wu Jian Council.
  6080 | D:7      | Found an opulent altar of Gozag.
  6151 | D:7      | Reached skill level 7 in Fighting
  6518 | D:7      | Found a runed translucent door.
  6530 | D:7      | Noticed Crazy Yiuf
  6624 | D:7      | Reached skill level 8 in Fighting
  6917 | D:7      | Killed Crazy Yiuf
  6918 | D:7      | Reached XP level 10. HP: 48/77 MP: 0/0
  7011 | D:7      | Identified the +5 hammer of Hacking and Slashing {pain,
                  | rCorr Int+3}
  7041 | D:8      | Found a white marble altar of Elyvilon.
  7144 | D:8      | Reached skill level 9 in Fighting
  7151 | D:8      | Found a flagged portal.
  7162 | D:8      | Found a sacrificial altar of Ru.
  7174 | Bailey   | Entered a bailey
  7473 | Bailey   | Reached skill level 10 in Fighting
  7705 | Bailey   | Noticed an orc sorcerer
  7710 | Bailey   | Killed an orc sorcerer
  7711 | Bailey   | Reached skill level 11 in Fighting
  7715 | Bailey   | Noticed an orc knight
  7749 | Bailey   | Killed an orc knight
  7982 | Bailey   | Found an iron altar of Okawaru.
  7982 | Bailey   | Noticed an orc high priest
  7985 | Bailey   | Noticed a sixfirhy
  7991 | Bailey   | Noticed an orange demon
  7991 | Bailey   | Noticed an ice devil
  7999 | Bailey   | Killed an orc high priest
  8000 | Bailey   | Reached skill level 12 in Fighting
  8000 | Bailey   | Reached XP level 11. HP: 71/89 MP: 0/0
  8000 | Bailey   | Learned a level 4 spell: Dispel Undead
  8127 | Bailey   | Identified the +1 bardiche of Peostrocw {venom, rF+ Stlth+}
  8286 | D:8      | Reached skill level 3 in Dodging
  8305 | D:8      | Reached skill level 4 in Dodging
  8420 | D:8      | Found the +3 salamander hide armour {Flames, rFlCloud rF++
                  | rC--}
  8674 | D:8      | Found a burning altar of Makhleb.
  8743 | D:8      | Became a worshipper of Makhleb the Destroyer
  9247 | D:9      | Reached skill level 5 in Dodging
  9263 | D:9      | Identified the +1 pair of gloves of Hubris {Rampage Regen+}
  9286 | D:9      | Reached skill level 6 in Dodging
  9564 | D:9      | Found a staircase to the Lair.
  9636 | D:9      | Reached skill level 7 in Dodging
  9689 | D:10     | Entered Level 10 of the Dungeon
  9737 | D:10     | Found a portal to a secret trove of treasure.
  9760 | D:10     | Reached skill level 8 in Dodging
  9985 | D:10     | Found an iron altar of Okawaru.
 10050 | D:10     | Reached * piety under Makhleb
 10177 | D:10     | Reached skill level 9 in Dodging
 10233 | D:10     | Found a staircase to the Orcish Mines.
 10441 | D:10     | Noticed a cyclops
 10448 | D:10     | Killed a cyclops
 10449 | D:10     | Reached skill level 10 in Dodging
 10693 | D:10     | Found a bloodstained altar of Trog.
 10726 | D:10     | Found a blossoming altar of Fedhas.
 10767 | D:10     | Found a basalt altar of Yredelemnul.
 11094 | D:11     | Noticed a manticore
 11096 | D:11     | Reached XP level 12. HP: 95/95 MP: 0/0
 11098 | D:11     | Acquired a manual of Dodging
 11100 | D:11     | Acquired the +3 warlock's mirror {omnireflect}
 11100 | D:11     | Found the +3 warlock's mirror {omnireflect}
 11500 | D:11     | Noticed Quickbrownfox's ghost (journeyman DsIE)
 11500 | D:11     | Noticed a two-headed ogre
 11503 | D:11     | Noticed a boulder beetle
 11528 | D:11     | Found a runed translucent gate.
 11528 | D:11     | Found a runed translucent gate.
 11595 | D:11     | Reached skill level 1 in Shields
 11639 | D:11     | Found a runed translucent gate.
 11699 | D:11     | Reached ** piety under Makhleb
 11849 | D:11     | Found Ubrol's Antique Armour Emporium.
 11936 | D:11     | Reached skill level 11 in Dodging
 11936 | D:11     | Reached skill level 2 in Shields
 11940 | D:11     | Reached skill level 3 in Shields
 11945 | D:11     | Noticed a tengu warrior
 11947 | D:11     | Noticed a two-headed ogre
 11948 | D:11     | Reached skill level 4 in Shields
 11948 | D:11     | Noticed a centaur warrior
 11983 | D:11     | Killed a centaur warrior
 11984 | D:11     | Reached skill level 5 in Shields
 11988 | D:11     | Killed a tengu warrior
 11989 | D:11     | Reached skill level 6 in Shields
 12105 | D:11     | Noticed an ogre mage
 12110 | D:11     | Reached skill level 7 in Shields
 12121 | D:11     | Killed an ogre mage
 12394 | D:11     | Reached skill level 8 in Shields
 12952 | Lair:1   | Entered Level 1 of the Lair of Beasts
 13133 | Lair:1   | Reached skill level 9 in Shields
 13173 | Lair:1   | Reached skill level 1 in Invocations
 13173 | Lair:1   | Reached skill level 1 in Evocations
 13177 | Lair:1   | Reached XP level 13. HP: 101/101 MP: 0/0
 13177 | Lair:1   | Learned a level 5 spell: Iskenderun's Battlesphere
 13188 | Lair:1   | Identified the +5 falchion of Setuneykk {flame, *Corrode
                  | rPois rC+++ MP-9}
 13208 | Lair:1   | Reached *** piety under Makhleb
 13209 | Lair:1   | Reached skill level 2 in Invocations
 13209 | Lair:1   | Reached skill level 2 in Evocations
 13226 | Lair:1   | Found a runed translucent gate.
 13463 | Lair:1   | Reached skill level 3 in Invocations
 13463 | Lair:1   | Reached skill level 3 in Evocations
 13505 | Lair:1   | Noticed chipmonk's ghost (novice MiFi)
 13528 | Lair:1   | Found a runed translucent gate.
 13528 | Lair:1   | Found a runed translucent gate.
 13625 | Lair:1   | Killed chipmonk's ghost
 13626 | Lair:1   | Reached skill level 4 in Invocations
 13626 | Lair:1   | Reached skill level 4 in Evocations
 13645 | Lair:1   | Got the ring of Buhuecig {Fire Dex+4}
 13724 | Lair:2   | Found a frozen archway.
 13732 | IceCv    | Entered an ice cave
 13796 | IceCv    | Reached skill level 5 in Invocations
 13796 | IceCv    | Reached skill level 5 in Evocations
 13891 | IceCv    | Reached **** piety under Makhleb
 13899 | IceCv    | Reached skill level 6 in Evocations
 13912 | IceCv    | Reached skill level 6 in Invocations
 14111 | IceCv    | Noticed a frost giant
 14122 | IceCv    | HP: 23/101 [frost giant/bolt of cold (20)]
 14125 | IceCv    | Killed a frost giant
 14126 | IceCv    | Reached skill level 7 in Invocations
 14126 | IceCv    | Reached skill level 7 in Evocations
 14130 | IceCv    | HP: 20/101 [death yak (4)]
 14135 | IceCv    | HP: 21/101 [death yak (3)]
 14218 | IceCv    | Identified the staff of air "Voqas" {rElec rPois Str+3
                  | Dex+4 SInv}
 14320 | IceCv    | Reached XP level 14. HP: 107/107 MP: 0/0
 14468 | Lair:2   | Found a staircase to the Snake Pit.
 14528 | Lair:2   | Reached skill level 8 in Evocations
 14530 | Lair:2   | Noticed Nergalle
 14546 | Lair:2   | Reached skill level 8 in Invocations
 14546 | Lair:2   | Killed Nergalle
 15437 | Lair:3   | Identified the +7 mace of the Big Fish {speed, rElec rC++
                  | Int+4}
 15687 | Lair:3   | Reached skill level 9 in Invocations
 15687 | Lair:3   | Reached skill level 9 in Evocations
 15901 | Lair:3   | HP: 17/107 [swamp worm (14)]
 16021 | Lair:3   | Found a staircase to the Swamp.
 16211 | Lair:4   | Reached skill level 10 in Invocations
 16211 | Lair:4   | Reached skill level 10 in Evocations
 16213 | Lair:4   | Reached ***** piety under Makhleb
 16256 | Lair:4   | Found a runed translucent gate.
 16256 | Lair:4   | Found a runed translucent gate.
 16256 | Lair:4   | Found a runed translucent gate.
 16361 | Lair:4   | Found a staircase to the Slime Pits.
 16388 | Lair:4   | Noticed Nessos
 16394 | Lair:4   | Killed Nessos
 16403 | Lair:4   | Noticed Kuerar's ghost (journeyman BaFi)
 16403 | Lair:4   | Noticed Nyzic's ghost (journeyman TrMo)
 16404 | Lair:4   | Noticed Aricsoirch's ghost (journeyman GrFi)
 16404 | Lair:4   | Noticed Juirae's ghost (journeyman TrMo)
 16404 | Lair:4   | Noticed Nubia's ghost (journeyman GnEn)
 16731 | Lair:4   | Noticed Sonja
 16744 | Lair:4   | Killed Sonja
 16852 | Lair:4   | Killed Kuerar's ghost
 16853 | Lair:4   | HP: 24/107 [Juirae's ghost (7)]
 16957 | Lair:4   | Killed Nubia's ghost
 16960 | Lair:4   | Killed Juirae's ghost
 16961 | Lair:4   | Reached skill level 12 in Dodging
 17005 | Lair:4   | Killed Nyzic's ghost
 17006 | Lair:4   | Reached XP level 15. HP: 81/112 MP: 0/0
 17006 | Lair:4   | Learned a level 6 spell: Iron Shot
 17040 | Lair:4   | Killed Aricsoirch's ghost
 17079 | Lair:4   | Identified the staff of death "Quraonla" {*Slow rN+ Int+7
                  | Dex+5}
 17109 | Lair:5   | Entered Level 5 of the Lair of Beasts
 17161 | Lair:5   | Reached skill level 9 in Spellcasting
 17454 | Lair:5   | Reached skill level 13 in Dodging
 17715 | Lair:5   | Reached skill level 10 in Spellcasting
 17769 | Lair:5   | Reached skill level 14 in Dodging
 18404 | Orc:1    | Entered Level 1 of the Orcish Mines
 18483 | Orc:1    | Reached ****** piety under Makhleb
 18778 | Orc:2    | Entered Level 2 of the Orcish Mines
 18778 | Orc:2    | Found a staircase to the Elven Halls.
 19189 | Orc:2    | Found Xoeff's Antique Weapon Shop.
 19189 | Orc:2    | Found Extiteru's General Store.
 19189 | Orc:2    | Found Inkonill's Antique Weapon Emporium.
 19193 | Orc:2    | Found Xubbux's Armour Boutique.
 19886 | D:12     | Reached skill level 15 in Dodging
 19903 | D:12     | Reached skill level 11 in Spellcasting
 20008 | D:12     | Found a runed translucent door.
 20009 | D:12     | Noticed Plazmod's ghost (journeyman DECj)
 20014 | D:12     | Noticed Urug
 20020 | D:12     | Killed Urug
 20031 | D:12     | Reached XP level 16. HP: 116/118 MP: 0/0
 20042 | D:12     | Noticed Kirke
 20061 | D:12     | Killed Kirke
 20068 | D:12     | Noticed Erolcha
 20087 | D:12     | Killed Erolcha
 20212 | D:12     | Found a stormy altar of Qazlal.
 20221 | D:12     | Noticed Psyche
 20226 | D:12     | Killed Psyche
 20439 | D:12     | Killed Plazmod's ghost
 20979 | D:13     | Reached skill level 12 in Spellcasting
 21169 | D:14     | Reached skill level 1 in Long Blades
 21184 | D:14     | Reached skill level 2 in Long Blades
 21219 | D:14     | Found a snail-covered altar of Cheibriados.
 21291 | D:14     | Reached skill level 3 in Long Blades
 21510 | D:14     | Reached skill level 10 in Shields
 21550 | D:14     | Identified the +5 long sword of Valour {freeze, +Blink
                  | Str+3 Dex-5 Stlth+}
 21605 | D:14     | Found a gate to the Vaults.
 21611 | D:14     | Reached skill level 4 in Long Blades
 21866 | D:15     | Entered Level 15 of the Dungeon
 22044 | D:15     | Reached skill level 5 in Long Blades
 22251 | D:15     | Reached skill level 11 in Shields
 22380 | D:15     | Noticed an emperor scorpion
 22390 | D:15     | Killed an emperor scorpion
 22410 | D:15     | Reached skill level 6 in Long Blades
 22410 | D:15     | Reached XP level 17. HP: 123/123 MP: 0/0
 22410 | D:15     | Learned a level 6 spell: Dispersal
 22555 | D:15     | Found a staircase to the Depths.
 23042 | Swamp:1  | Entered Level 1 of the Swamp
 23436 | Swamp:1  | Reached skill level 7 in Long Blades
 23683 | Swamp:2  | Reached skill level 12 in Shields
 23875 | Swamp:2  | Found a large runed translucent door.
 23875 | Swamp:2  | Found a large runed translucent door.
 23877 | Swamp:2  | Noticed Zoigrime's ghost (adept FoFi)
 23878 | Swamp:2  | You are sucked into a shaft and drop 1 floor!
 23930 | Swamp:3  | Found a glowing golden altar of the Shining One.
 24208 | Swamp:3  | Reached skill level 8 in Long Blades
 24246 | Swamp:3  | Reached skill level 16 in Dodging
 24390 | Swamp:3  | Noticed a thorn hunter
 24549 | Swamp:2  | Reached skill level 9 in Long Blades
 24580 | Swamp:2  | Reached skill level 17 in Dodging
 24825 | Swamp:3  | Killed a thorn hunter
 24832 | Swamp:3  | Noticed a thorn hunter
 24837 | Swamp:3  | Killed a thorn hunter
 25030 | Swamp:4  | Entered Level 4 of the Swamp
 25134 | Swamp:4  | Reached XP level 18. HP: 127/130 MP: 0/0
 25311 | Swamp:4  | Reached skill level 10 in Long Blades
 25561 | Swamp:4  | Got a decaying rune of Zot
 25644 | Swamp:4  | Reached skill level 18 in Dodging
 25801 | Snake:1  | Entered Level 1 of the Snake Pit
 26612 | Snake:2  | Reached skill level 11 in Long Blades
 26667 | Snake:2  | Noticed Agnes
 26674 | Snake:2  | Killed Agnes
 27567 | Snake:2  | Reached XP level 19. HP: 137/137 MP: 0/0
 27567 | Snake:2  | Learned a level 6 spell: Conjure Ball Lightning
 27580 | Snake:2  | Reached skill level 13 in Fighting
 27616 | Snake:2  | Reached skill level 13 in Spellcasting
 27937 | Snake:2  | Found a runed translucent gate.
 27937 | Snake:2  | Found a runed translucent gate.
 27938 | Snake:2  | Found a runed translucent gate.
 27942 | Snake:2  | Noticed Sokuv's ghost (adept DECj)
 28489 | Snake:2  | Killed Sokuv's ghost
 28714 | Snake:3  | Noticed Mlioglotl
 28916 | Snake:3  | Found Joer's Magic Scroll Shop.
 29011 | Snake:3  | Reached skill level 12 in Long Blades
 29013 | Snake:3  | HP: 9/139 [white very ugly thing[Mlioglotl] (28)]
 29072 | Snake:3  | HP: 28/139 [???[Mlioglotl] (25)]
 29189 | Snake:4  | Entered Level 4 of the Snake Pit
 29196 | Snake:3  | HP: 31/139 [salamander tyrant (4)]
 29197 | Snake:3  | HP: 12/139 [salamander tyrant (5)]
 29200 | Snake:3  | HP: 1/139 [salamander tyrant (5)]
 29200 | Snake:3  | Mangled by a salamander mystic

Illustrated notes

Levels and vault maps discovered:
D:1:      elethiomel_arrival_maze, layout_basic,
          shapermc_ecumenical_altar_acropolis
D:2:      minmay_inner_zag, layout_rooms, basic_altar
D:3:      layout_basic, mainiacjoe_overflow_chevrons,
          dreamdust_mushroom_princess
D:4:      layout_loops_ring, guppyfry_early_lair_pool, uniq_grinder
D:5:      layout_basic, nicolae_overflow_two_pavilions, temple_hall
D:6:      layout_gridville, ashenzari_altar_1, serial_shops, shop,
          minmay_lizard_king
D:7:      layout_basic, doesnt_xom_only_xom, kennysheep_potato,
          uniq_crazy_yiuf_cottage
D:8:      layout_loops_ring, nicolae_overflow_crystal_walls,
          kennysheep_little_box, mainiacjoe_overflow_concentric_impassable,
          lemuel_round_altar, nicolae_ru_awakened_eye, enter_bailey_2
D:9:      layout_rooms, lair_entry_dummy, mrwooster_statue_mirror
D:10:     layout_loops_ring, nicolae_overflow_quartered_altars, erik_orc_1,
          enter_trove_0, wad_mini_maze
D:11:     minmay_the_grid_plus_closed [minmay_the_grid_garden,
          minmay_the_grid_tri_star, minmay_the_grid_expand,
          minmay_the_grid_tree, minmay_the_grid_prize_big_room], layout_basic,
          gammafunk_ghost_split, serial_shops, nicolae_shop_tiny_glass,
          minmay_crystal_water
D:12:     layout_basic, gammafunk_ghost_grave, corner_web_ring,
          grunt_qazlal_clouds, uniq_psyche, uniq_urug, uniq_erolcha, uniq_kirke
D:13:     layout_roguey
D:14:     layout_cave_pools, skrybe_vaults_entry_preservation,
          kiku_gazebo_garden_becter, kennysheep_slug_shrine
D:15:     hangedman_depths_entry_try_elsewhere_first, layout_loops_corners,
          nicolae_lava_and_water
Temple:   hellmonk_temple_flake
Lair:1:   layout_roguey, gammafunk_ghost_icy
Lair:2:   layout_small_grid, guppyfry_snake_entry_garden,
          portal_ice_cave_entry_pillars_1, infiniplex_staircase_pool,
          uniq_nergalle
Lair:3:   layout_misc_corridors, palyth_hydra_swamp_entry,
          minmay_lair_oklob_items, infiniplex_staircase_pool_2
Lair:4:   layout_hall_layers, slime_entry_1, gammafunk_ghost_cemetery,
          serial_bayou_shore_a, grunt_megastairs_2, uniq_nessos, uniq_sonja
Lair:5:   minmay_lair_end_enchanted_forest, layout_regular_city, st_stairs_12,
          pdpol_lair_cavern_descent, grunt_megastairs_4
Swamp:1:  layout_basic_swamp, evilmike_swamp_ruin_house_5
Swamp:2:  layout_basic_swamp, ebering_ghost_disaster_area, serial_swamp_ruin,
          evilmike_swamp_ruin_house_1, hangedman_swamp_ruin_hall,
          evilmike_swamp_ruin_house_2, swamp_pool1
Swamp:3:  layout_basic_swamp, lemuel_altar_in_water, grunt_ruined_hall
Swamp:4:  swamp_fiery, layout_basic_swamp
Snake:1:  layout_misc_corridors, nicolae_snake_guarding_the_ruins,
          lemuel_fruit_tree
Snake:2:  kennysheep_snake, layout_chambers, ebering_ghost_rock_garden,
          st_stairs_10, grunt_ministairs_3, nicolae_coiled_stairwell_up,
          uniq_agnes
Snake:3:  layout_cave_town, serial_shops, nicolae_shop_crystal, drop_trap,
          nicolae_snake_horde_hoard, uniq_mlioglotl
Snake:4:  snake_hunt, layout_chambers, serial_shops, shop, serial_bayou_shore_b,
          serial_bayou_shore_b, grunt_megastairs_1, minmay_shoptagon
Orc:1:    layout_caves
Orc:2:    st_orc_rangers, layout_caves

Skill      XL: |  1  2  3  4  5  6  7  8  9 10 11 12 13 14 15 16 17 18 19 |
---------------+----------------------------------------------------------+-----
Spellcasting   | 3 4 6 7 8 11 12 13 | 13.8
Fighting       | 3 8 12 13 | 13.7
Dodging        | 10 11 12 15 17 18 | 18.1
Shields        | 9 11 12 | 12.1
Invocations    | 1 7 10 | 10.0
Evocations     | 1 7 10 | 10.1
Long Blades    | 6 9 11 12 | 12.0
Stealth        | |  1.5

Action                     |  1- 3 |  4- 6 |  7- 9 | 10-12 | 13-15 | 16-18 | 19-21 || total
---------------------------+-------+-------+-------+-------+-------+-------+-------++-------
  Melee: Dagger            |     9 |       |       |       |       |       |       ||     9
         Short sword       |       |     4 |       |    88 |     4 |       |       ||    96
         Falchion          |       |       |       |       |   517 |   774 |       ||  1291
         Staff             |       |       |       |       |       |    59 |   231 ||   290
   Fire: Longbow           |       |       |     6 |   270 |       |       |       ||   276
   Cast: Sandblast         |    39 |    83 |   137 |    94 |     5 |     3 |       ||   361
         Stone Arrow       |       |     6 |     5 |    11 |       |       |       ||    22
         Magic Dart        |       |       |       |     4 |    68 |   201 |       ||   273
         Dispel Undead     |       |       |       |       |    16 |       |     3 ||    19
         Passwall          |       |       |       |       |     2 |       |       ||     2
         Iskenderun's Batt |       |       |       |       |     7 |    40 |       ||    47
         Airstrike         |       |       |       |       |     5 |    15 |       ||    20
         Iron Shot         |       |       |       |       |       |    19 |     7 ||    26
         Conjure Ball Ligh |       |       |       |       |       |       |     2 ||     2
 Invoke: Lesser Servant of |       |       |       |       |       |       |     2 ||     2
         Minor Destruction |       |       |       |       |       |       |     1 ||     1
         Major Destruction |       |       |       |       |       |       |     1 ||     1
  Evoke: Wand              |       |       |       |     7 |       |       |       ||     7
    Use: Scroll            |       |       |       |    21 |     3 |     7 |     3 ||    34
         Potion            |       |       |       |       |     3 |     1 |       ||     4
   Stab: Sleeping          |       |       |       |     1 |     2 |     3 |       ||     6
         Distracted        |       |       |       |     1 |       |     1 |     1 ||     3
         Petrified         |       |       |       |       |     4 |       |       ||     4
 Armour: Robe              |     2 |     4 |    24 |    31 |       |       |       ||    61
         Leather armour    |       |       |       |    51 |   237 |   255 |    80 ||   623
  Dodge: Dodged            |     6 |    31 |    60 |   149 |   490 |   643 |   294 ||  1673
  Block: Buckler           |       |       |       |    45 |   329 |   448 |   214 ||  1036
         Reflection        |       |       |       |     9 |    75 |    68 |    28 ||   180

Levels and vault maps discovered:
D:1:      elethiomel_arrival_maze, layout_basic,
          shapermc_ecumenical_altar_acropolis
D:2:      minmay_inner_zag, layout_rooms, basic_altar
D:3:      layout_basic, mainiacjoe_overflow_chevrons,
          dreamdust_mushroom_princess
D:4:      layout_loops_ring, guppyfry_early_lair_pool, uniq_grinder
D:5:      layout_basic, nicolae_overflow_two_pavilions, temple_hall
D:6:      layout_gridville, ashenzari_altar_1, serial_shops, shop,
          minmay_lizard_king
D:7:      layout_basic, doesnt_xom_only_xom, kennysheep_potato,
          uniq_crazy_yiuf_cottage
D:8:      layout_loops_ring, nicolae_overflow_crystal_walls,
          kennysheep_little_box, mainiacjoe_overflow_concentric_impassable,
          lemuel_round_altar, nicolae_ru_awakened_eye, enter_bailey_2
D:9:      layout_rooms, lair_entry_dummy, mrwooster_statue_mirror
D:10:     layout_loops_ring, nicolae_overflow_quartered_altars, erik_orc_1,
          enter_trove_0, wad_mini_maze
D:11:     minmay_the_grid_plus_closed [minmay_the_grid_garden,
          minmay_the_grid_tri_star, minmay_the_grid_expand,
          minmay_the_grid_tree, minmay_the_grid_prize_big_room], layout_basic,
          gammafunk_ghost_split, serial_shops, nicolae_shop_tiny_glass,
          minmay_crystal_water
D:12:     layout_basic, gammafunk_ghost_grave, corner_web_ring,
          grunt_qazlal_clouds, uniq_psyche, uniq_urug, uniq_erolcha, uniq_kirke
D:13:     layout_roguey
D:14:     layout_cave_pools, skrybe_vaults_entry_preservation,
          kiku_gazebo_garden_becter, kennysheep_slug_shrine
D:15:     hangedman_depths_entry_try_elsewhere_first, layout_loops_corners,
          nicolae_lava_and_water
Temple:   hellmonk_temple_flake
Lair:1:   layout_roguey, gammafunk_ghost_icy
Lair:2:   layout_small_grid, guppyfry_snake_entry_garden,
          portal_ice_cave_entry_pillars_1, infiniplex_staircase_pool,
          uniq_nergalle
Lair:3:   layout_misc_corridors, palyth_hydra_swamp_entry,
          minmay_lair_oklob_items, infiniplex_staircase_pool_2
Lair:4:   layout_hall_layers, slime_entry_1, gammafunk_ghost_cemetery,
          serial_bayou_shore_a, grunt_megastairs_2, uniq_nessos, uniq_sonja
Lair:5:   minmay_lair_end_enchanted_forest, layout_regular_city, st_stairs_12,
          pdpol_lair_cavern_descent, grunt_megastairs_4
Swamp:1:  layout_basic_swamp, evilmike_swamp_ruin_house_5
Swamp:2:  layout_basic_swamp, ebering_ghost_disaster_area, serial_swamp_ruin,
          evilmike_swamp_ruin_house_1, hangedman_swamp_ruin_hall,
          evilmike_swamp_ruin_house_2, swamp_pool1
Swamp:3:  layout_basic_swamp, lemuel_altar_in_water, grunt_ruined_hall
Swamp:4:  swamp_fiery, layout_basic_swamp
Snake:1:  layout_misc_corridors, nicolae_snake_guarding_the_ruins,
          lemuel_fruit_tree
Snake:2:  kennysheep_snake, layout_chambers, ebering_ghost_rock_garden,
          st_stairs_10, grunt_ministairs_3, nicolae_coiled_stairwell_up,
          uniq_agnes
Snake:3:  layout_cave_town, serial_shops, nicolae_shop_crystal, drop_trap,
          nicolae_snake_horde_hoard, uniq_mlioglotl
Snake:4:  snake_hunt, layout_chambers, serial_shops, shop, serial_bayou_shore_b,
          serial_bayou_shore_b, grunt_megastairs_1, minmay_shoptagon
Orc:1:    layout_caves
Orc:2:    st_orc_rangers, layout_caves

Table legend: (Time is in decaauts)
 A = Elapsed time spent in this place.
 B = Non-inter-level travel time spent in this place.
 C = Inter-level travel time spent in this place.
 D = Time resting spent in this place.
 E = Time spent auto-exploring this place.
 F = Levels seen in this place.
 G = Mean time per level.
                   A        B        C        D        E       F      G
               +--------+--------+--------+--------+--------+-----+--------+
         Total |  29803 |  26702 |   3101 |    177 |  20440 |  33 |  903.1 |
       Dungeon |  15451 |  13345 |   2106 |      0 |  10968 |  15 | 1030.1 |
        Temple |    157 |    148 |      9 |      0 |    139 |   1 |  157.0 |
          Lair |   4935 |   4309 |    626 |      0 |   3383 |   5 |  987.0 |
         Swamp |   2661 |   2529 |    132 |      0 |   1793 |   4 |  665.2 |
     Snake Pit |   3419 |   3328 |     91 |     42 |   2250 |   4 |  854.8 |
  Orcish Mines |   1395 |   1259 |    136 |      0 |    935 |   2 |  697.5 |
        Bailey |   1077 |   1077 |      0 |    135 |    563 |   1 | 1077.0 |
      Ice Cave |    704 |    704 |      0 |      0 |    408 |   1 |  704.0 |
               +--------+--------+--------+--------+--------+-----+--------+

Top non-repeatable levels by time:
 Snake:2: 2231 daAuts
    D:10: 1769 daAuts
     D:4: 1494 daAuts
    D:11: 1425 daAuts
     D:7: 1357 daAuts
  Lair:3: 1224 daAuts
     D:6: 1144 daAuts
     D:8: 1080 daAuts
  Bailey: 1077 daAuts
  Lair:5: 1062 daAuts
  Lair:2: 987 daAuts
   Orc:2: 938 daAuts
     D:3: 936 daAuts
    D:15: 858 daAuts
     D:5: 831 daAuts

Table legend:
 A = Kills in this place as a percentage of kills in the entire game.
 B = Kills by you in this place as a percentage of kills by you in the entire game.
 C = Kills by friends in this place as a percentage of kills by friends in the entire game.
 D = Other kills in this place as a percentage of other kills in the entire game.
 E = Experience gained in this place as a percentage of experience gained in the entire game.
 F = Experience gained in this place divided by the number of levels of this place that you have seen.
                   A       B       C       D       E      F
               +-------+-------+-------+-------+-------+----------------------
         Total | 100.0 | 100.0 | 100.0 | 100.0 | 100.0 | 9476.9
       Dungeon |  37.1 |  37.3 |   0.0 |   0.0 |  23.0 | 4788.3
          Lair |  17.1 |  17.2 |   0.0 |   0.0 |  17.7 | 11089.2
         Swamp |  11.8 |  11.6 |   0.0 |  60.0 |  22.2 | 17346.5
     Snake Pit |  15.3 |  15.1 | 100.0 |  40.0 |  28.3 | 22113.8
  Orcish Mines |  10.2 |  10.3 |   0.0 |   0.0 |   3.4 | 5244.5
        Bailey |   4.0 |   4.0 |   0.0 |   0.0 |   1.1 | 3476.0
      Ice Cave |   4.5 |   4.5 |   0.0 |   0.0 |   4.4 | 13662.0
               +-------+-------+-------+-------+-------+----------------------
